 Dungeon Sprint DCSS version 0.17-a0-1927-g319369b (webtiles) character file.

1316 Kusio the Shatterer (level 8, -4/79 HPs)
             Began as an Ogre Berserker on Sept 28, 2015.
             Was a High Priest of Trog.
             Slain by a manticore (13 damage)
             ... in the Dungeon (Sprint IX: "|||||||||||||||||||||||||||||").
             The game lasted 00:02:01 (400 turns).

Kusio the Shatterer (Ogre Berserker)                 Turns: 400, Time: 00:02:01

Health: -4/79      AC:  5    Str: 24    XL:     8   Next: 59%
Magic:  8/8        EV: 12    Int:  6    God:    Trog [*****.]
Gold:   0          SH:  0    Dex: 10    Spells: 0 memorised, 7 levels left

rFire  . . .     SeeInvis .     p - +2 dire flail (crush)
rCold  . . .     Clarity  .     b - +0 animal skin
rNeg   . . .     SustAt   .     (no shield)
rPois  .         Gourm    .     (helmet restricted)
rElec  .         Spirit   .     (no cloak)
rCorr  .         Warding  .     (gloves unavailable)
rMut   .         NoTele   +     (boots unavailable)
MR     .....                    (no amulet)
Stlth  +.........               o - +2 ring of evasion
                                n - +2 ring of protection

@: exhausted, very slightly contaminated, hasted and slowed, not resistant to
hostile enchantments, very unstealthy
A: unfitting armour, tough skin 1
a: Burn Spellbooks, Berserk, Trog's Hand, Brothers in Arms, Renounce Religion


You were in the Dungeon.
You worshipped Trog.
Trog was extremely pleased with you.
You were very hungry.

You visited 1 branch

Inventory:

Hand weapons
 a - a +0 giant spiked club
 p - a +2 dire flail of crushing (weapon)
Armour
 b - a +0 animal skin (worn)
Jewellery
 n - a +2 ring of protection (left hand)
 o - a +2 ring of evasion (right hand)
Magical devices
 m - a wand of fire (7)
Scrolls
 i - 2 scrolls of blinking
 l - 3 scrolls of remove curse
Potions
 d - 5 potions of curing
 e - 3 potions of heal wounds
 g - 4 potions of magic
 h - a potion of berserk rage
 k - a potion of invisibility
Comestibles
 c - a bread ration
 j - 2 chunks of flesh


   Skills:
 - Level 4.7 Fighting
 + Level 21.3 Maces & Flails
 - Level 3.1 Dodging


You had 7 spell levels left.
You didn't know any spells.

Dungeon Overview and Level Annotations

Branches:
Dungeon (1/1)

Altars:
Cheibriados
Dithmenos
Elyvilon
Fedhas
Gozag
Kikubaaqudgha
Makhleb
Nemelex Xobeh
Okawaru
Qazlal
Ru
Sif Muna
Trog
Vehumet
Xom
Yredelemnul
Zin
The Shining One
Beogh
Jiyva
Lugonu


Innate Abilities, Weirdness & Mutations

You are too large for most types of armour.
You have tough skin (AC +1).


Message History

You are feeling very hungry.
The manticore misses you. The manticore claws you! The manticore claws you.
Things that are here:
a giant spiked club; a sky beast corpse; a hill giant corpse Drink which item? (? for menu, Esc to quit)
You're too exhausted to go berserk.
Drink which item? (? for menu, Esc to quit)
You feel yourself speed up. The manticore misses you.
The manticore closely misses you. x2
The manticore bites you! The manticore claws you!
* * * LOW HITPOINT WARNING * * *
The manticore claws you but does no damage.
You are very lightly contaminated with residual magic.
You completely miss the manticore. You hit the manticore.
The manticore is lightly wounded.
The manticore bites you!
* * * LOW HITPOINT WARNING * * *
The manticore closely misses you. The manticore claws you!
You die...

▓+▓
▓.▓
▓.▓
▓.▓
▓.▓
▓H▓
▓@▓
▓)▓
▓.▓
▓.▓
▓.▓
▓.▓
▓.▓
▓.▓
▓†▓


You could see a manticore.

Vanquished Creatures
  A hill giant (D)
  A hungry ghost (D)
  A wyvern (D)
  An ogre (D)
  2 black bears (D)
  2 sky beasts (D)
  A scorpion (D)
  A wight (D)
  A crimson imp (D)
  A worker ant (D)
  An adder skeleton (D)
  An orc (D)
  A giant cockroach (D)
  A jackal (D)
  A giant newt (D)
  2 goblins (D)
  2 rats (D)
21 creatures vanquished.

Notes
Turn   | Place    | Note
--------------------------------------------------------------
     0 | D        | Kusio the Ogre Berserker began the quest for the Orb.
     0 | D        | Reached XP level 1. HP: 24/24 MP: 1/1
    13 | D        | Acquired Trog's second power
   112 | D        | Noticed a crimson imp
   112 | D        | Noticed a sky beast
   119 | D        | Reached skill level 5 in Maces & Flails
   121 | D        | Reached XP level 2. HP: 33/33 MP: 2/2
   123 | D        | Killed a crimson imp
   123 | D        | Reached skill level 8 in Maces & Flails
   123 | D        | Reached XP level 3. HP: 40/40 MP: 3/3
   124 | D        | Acquired Trog's third power
   130 | D        | Killed a sky beast
   130 | D        | Reached skill level 12 in Maces & Flails
   130 | D        | Reached XP level 4. HP: 43/49 MP: 4/4
   130 | D        | Reached XP level 5. HP: 48/55 MP: 5/5
   159 | D        | Found a glowing silver altar of Zin.
   159 | D        | Found a glowing golden altar of the Shining One.
   159 | D        | Found an ancient bone altar of Kikubaaqudgha.
   159 | D        | Found a basalt altar of Yredelemnul.
   159 | D        | Found a shimmering altar of Xom.
   159 | D        | Found a radiant altar of Vehumet.
   160 | D        | Found an iron altar of Okawaru.
   161 | D        | Found a burning altar of Makhleb.
   162 | D        | Found a deep blue altar of Sif Muna.
   163 | D        | Found a bloodstained altar of Trog.
   164 | D        | Found a sparkling altar of Nemelex Xobeh.
   165 | D        | Found a white marble altar of Elyvilon.
   166 | D        | Found a roughly hewn altar of Beogh.
   167 | D        | Found a viscous altar of Jiyva.
   168 | D        | Found a corrupted altar of Lugonu.
   169 | D        | Found a blossoming altar of Fedhas.
   170 | D        | Found a snail-covered altar of Cheibriados.
   171 | D        | Found a shadowy altar of Dithmenos.
   172 | D        | Found a stormy altar of Qazlal.
   173 | D        | Found an opulent altar of Gozag.
   174 | D        | Found a sacrificial altar of Ru.
   243 | D        | Noticed a hungry ghost
   243 | D        | Noticed an ogre
   243 | D        | Noticed a black bear
   243 | D        | Noticed a worker ant
   243 | D        | Noticed a scorpion
   249 | D        | Killed a scorpion
   249 | D        | Reached skill level 13 in Maces & Flails
   254 | D        | Killed a worker ant
   254 | D        | Reached skill level 14 in Maces & Flails
   255 | D        | Killed a black bear
   255 | D        | Reached skill level 15 in Maces & Flails
   255 | D        | Reached XP level 6. HP: 63/63 MP: 6/6
   258 | D        | Killed an ogre
   258 | D        | Reached skill level 16 in Maces & Flails
   261 | D        | Killed a hungry ghost
   261 | D        | Reached skill level 17 in Maces & Flails
   261 | D        | Reached XP level 7. HP: 71/71 MP: 7/7
   373 | D        | Noticed a manticore
   373 | D        | Noticed a sky beast
   373 | D        | Noticed a wyvern
   373 | D        | Noticed a hill giant
   373 | D        | Noticed a black bear
   373 | D        | Noticed a wight
   375 | D        | Killed a wight
   375 | D        | Reached skill level 18 in Maces & Flails
   380 | D        | Killed a black bear
   385 | D        | Killed a hill giant
   385 | D        | Received a gift from Trog
   385 | D        | Reached skill level 20 in Maces & Flails
   385 | D        | Reached XP level 8. HP: 79/79 MP: 8/8
   389 | D        | Killed a wyvern
   389 | D        | Reached skill level 21 in Maces & Flails
   396 | D        | Killed a sky beast
   400 | D        | Slain by a manticore

Vault maps used:
D:        linesprint

Action                   |  1- 3 |  4- 6 |  7- 9 || total
-------------------------+-------+-------+-------++-------
Melee: Mace              |    25 |       |       ||    25
       Dire flail        |       |    14 |    22 ||    36
Invok: Berserk           |     1 |     1 |     1 ||     3
  Use: Potion            |       |       |     1 ||     1
  Eat: Chunk             |       |       |     1 ||     1
